 Dungeon Crawl Stone Soup version 0.29-a0-1009-g60c99734e7 (webtiles) character file.

Game seed: 578857317684361304

3425 nicolae the Nimble (level 10, 0/96 HPs)
             Began as a Merfolk Transmuter on Aug 7, 2022.
             Was an Initiate of Gozag.
             Slain by Maggie
             ... wielding a +2 glaive of distortion
              (8 damage)
             ... on level 7 of the Dungeon on Aug 8, 2022.
             The game lasted 00:20:42 (9526 turns).

nicolae the Nimble (Merfolk Transmuter)             Turns: 9526, Time: 00:20:44

Health: 0/96       AC:  7    Str: 10    XL:     10   Next: 5%
Magic:  9/13       EV: 13    Int: 15    God:    Gozag
Gold:   1616       SH:  0    Dex: 14    Spells: 3/13 levels left

rFire   x . .      SeeInvis +     - Unarmed
rCold   + + +      Faith    .   (shield currently unavailable)
rNeg    . . .      Spirit   .   (body armour currently unavailable)
rPois   +          Reflect  .   (helmet currently unavailable)
rElec   .          Harm     .   (cloak currently unavailable)
rCorr   .          Rampage  .   (gloves currently unavailable)
Will    +....                   (boots currently unavailable)
Stlth   +.........              (no amulet)
HPRegen 0.26/turn               z - +4 ring of slaying
MPRegen 0.13/turn               y - ring "Pebiwion" {Fly rPois Will+ Int-3 SInv}

@: ice-form, flying, mesmerised
A: freezing attack, boosted hp, large, (nimble swimmer 2), (mertail)
a: End Transformation, Renounce Religion, Potion Petition, Call Merchant, Bribe
Branch


You were on level 7 of the Dungeon.
You worshipped Gozag.
Gozag was most pleased with you.
You were a creature of crystalline ice.
You visited 2 branches of the dungeon, and saw 8 of its levels.
You also visited: Ossuary.

You collected 2063 gold pieces.
You spent 386 gold pieces at shops.
You paid 61 gold pieces to Gozag.

Inventory:

Hand Weapons
 k - a +2 whip of electrocution (melded)
 s - the +5 flail "Epis" {vorpal, rN+ Will+}
   (You found it on level 3 of the Dungeon)

   It inflicts extra damage upon your enemies.
   rN:        It protects you from negative energy.
   Will:      It increases your willpower.
Missiles
 d - 6 curare-tipped darts
 e - 9 javelins
 g - a throwing net
 m - 22 poisoned darts
Armour
 a - a +0 robe (melded)
 o - a +2 helmet (melded)
 w - a +0 pair of boots (melded)
Jewellery
 f - a ring of willpower
 u - a ring of protection from fire
 y - the ring "Pebiwion" (right front paw) {Fly rPois Will+ Int-3 SInv}
   (You bought it in a shop on level 1 of the Dungeon)

   [ring of willpower]

   Int:       It affects your intelligence (-3).
   rPois:     It protects you from poison.
   SInv:      It lets you see invisible.
   Fly:       It grants you flight.
   Will:      It increases your willpower.
 z - a +4 ring of slaying (left front paw)
Wands
 c - a wand of flame (24)
 p - a wand of digging (5)
Scrolls
 h - a scroll of immolation
 l - a scroll of fear
 n - 3 scrolls of fog
 r - 2 scrolls of vulnerability {unknown}
 t - a scroll of torment {unknown}
 v - 2 scrolls of blinking {unknown}
 x - 2 scrolls of teleportation
 A - a scroll of magic mapping {unknown}
 B - 2 scrolls of brand weapon {unknown}
 C - a scroll of silence {unknown}
 D - 4 scrolls of identify
Potions
 b - 2 potions of haste
 i - a potion of cancellation
 j - 5 potions of attraction
 q - 3 potions of mutation
 E - a potion of magic {unknown}


   Skills:
 + Level 8.0 Fighting
 + Level 9.0 Dodging
 - Level 6.0 Unarmed Combat
 - Level 2.0 Spellcasting
 - Level 8.0 Transmutations
 - Level 5.0 Ice Magic
 - Level 5.0 Poison Magic


You had 3 spell levels left.
You knew the following spells:

 Your Spells              Type           Power      Damage    Failure   Level
a - Beastly Appendage     Tmut           50%        N/A       1%          1
b - Wereblood             Tmut           25%        N/A       1%          2
c - Spider Form           Tmut/Pois      21%        N/A       4%          3
d - Ice Form              Ice/Tmut       21%        N/A       16%         4

Your spell library contained the following spells:

 Spells                   Type           Power      Damage    Failure   Level
 Ozocubu's Armour         Ice            16%        N/A       9%          3
 Summon Small Mammal      Summ           4%         N/A       22%         1
 Blink                    Tloc           2%         N/A       32%         2
 Call Canine Familiar     Summ           1%         N/A       54%         3
 Lesser Beckoning         Tloc           1%         N/A       54%         3
 Stone Arrow              Conj/Erth      2%         3d7       54%         3
 Summon Guardian Golem    Hex/Summ       1%         N/A       54%         3
 Animate Armour           Summ/Erth      2%         N/A       91%         4
 Manifold Assault         Tloc           1%         N/A       99%         5
 Ozocubu's Refrigeration  Ice            8%         4d9       100%        7
 Lehudib's Crystal Spear  Conj/Erth      0%         10d2      100%        8


Dungeon Overview and Level Annotations

Branches:
Dungeon (7/15)             Temple (1/1) D:4         Ossuary (visited)

Altars:
Ashenzari
Cheibriados
Dithmenos
Elyvilon
Fedhas
Gozag
Kikubaaqudgha
Makhleb
Nemelex Xobeh
Okawaru
Qazlal
Ru
Sif Muna
Trog
Uskayaw
Vehumet
Wu Jian
Xom
Yredelemnul
The Shining One

Shops:
D:1 =   D:3 (:?=

Annotations:
D:7 Maggie


Innate Abilities, Weirdness & Mutations

You are a creature of crystalline ice.
You have a powerful freezing melee attack.
Your maximum health is increased.
Your armour is entirely melded.
You are incapable of wielding weapons or throwing items.
((You are very nimble when in or above water. (Stealth+, EV+, Speed+++)))
((Your lower body shifts to a powerful aquatic tail in water.))


Message History

You now have 1616 gold pieces (gained 8).
Things that are here:
a +0 dagger; a +0 robe
There is a stone staircase leading up here.
There is an open door here.
You reach down and open the door.
There is an open door here.
Maggie the Vainglorious comes into view.
She is wielding a +2 glaive of distortion.
Maggie shouts!
Casting: Ice Form (dangerous; 16% risk of failure)
Confirm with . or Enter, or press ? or * to list all spells.
You turn into a creature of crystalline ice.
Your +2 whip of electrocution melds into your body.
Your +2 helmet melds into your body.
Your +0 pair of boots melds into your body.
Your +0 robe melds into your body.
Your +2 whip of electrocution stops crackling.
Maggie casts a spell.
Maggie attempts to bespell you!
You are mesmerised by Maggie!
Maggie barely misses you.
You punch Maggie! You freeze Maggie.
Maggie is moderately wounded.
Maggie hits you with a +2 glaive of distortion!
Space warps horribly around you!!
You punch Maggie! You freeze Maggie.
Maggie is heavily wounded.
Maggie hits you with a +2 glaive of distortion!
Space warps horribly around you!
You barely miss Maggie.
Maggie is heavily wounded.
Maggie hits you but does no damage. Space warps horribly around you!!
* * * LOW HITPOINT WARNING * * *
You punch Maggie! You freeze Maggie.
Maggie is severely wounded.
Maggie hits you with a +2 glaive of distortion!
* * * LOW HITPOINT WARNING * * *
Space warps horribly around you!
You die...
Your body crumbles into a pile of gold.

#.# #<....#......#.#.#
#.# #####.#......#.#.#
#.#######.#......#+#.#
#...........####.# ##
#########........# .#
#########. .# ..
.####################..#
.'..............Y@......
.#####################.#
.# .# .# .# ##


You could see Maggie (mesmerising).

Vanquished Creatures
  Pikel (D:7)
  Eustachio (D:5)
  Sigmund (D:6)
  A steam dragon (D:5)
  A sky beast (D:7)
  3 black bears
  2 orc warriors
  An ice beast (D:5)
  2 ogres
  A centaur (D:7)
  3 phantoms
  2 bullfrogs (D:7)
  3 elf zombies (Ossuary)
  Blork the orc (D:6)
  A necrophage (D:7)
  2 scorpions
  A howler monkey (D:7)
  A human zombie (Ossuary)
  7 hounds
  2 orc priests
  A gnoll bouda (D:5)
  An iguana (D:4)
  6 orc wizards
  2 hound zombies (Ossuary)
  3 mummies (Ossuary)
  Robin (D:2)
  4 gnolls
  7 adders
  A shadow imp (D:7)
  3 white imps
  An ufetubus (D:6)
  3 adder zombies (Ossuary)
  2 worms
  A dart slug (D:4)
  8 orcs
  6 bats
  5 endoplasms
  5 giant cockroaches
  A gnoll zombie (Ossuary)
  18 goblins
  11 hobgoblins (D:2)
  7 jackals
  2 kobolds
  4 quokkas
  7 ball pythons
  3 frilled lizards
  5 goblin zombies (Ossuary)
  3 hobgoblin zombies (Ossuary)
  5 jackal zombies (Ossuary)
  6 kobold zombies (Ossuary)
  2 orc zombies (Ossuary)
  A quokka zombie (Ossuary)
  4 rats
  4 rat zombies
180 creatures vanquished.

Notes
Turn   | Place    | Note
-------+----------+-------------------------------------------
     0 | D:1      | nicolae the Merfolk Transmuter began the quest for the Orb.
     0 | D:1      | Reached XP level 1. HP: 15/15 MP: 3/3
   296 | D:1      | Reached skill level 3 in Dodging
   302 | D:1      | Reached XP level 2. HP: 21/21 MP: 3/5
   305 | D:1      | Learned a level 2 spell: Wereblood
  1050 | D:1      | Found Iwimp's Jewellery Emporium.
  1071 | D:1      | Reached XP level 3. HP: 20/27 MP: 6/6
  1462 | D:2      | Learned a level 3 spell: Spider Form
  1721 | D:2      | Found a glowing golden altar of the Shining One.
  1845 | D:2      | Noticed Robin
  1856 | D:2      | Reached XP level 4. HP: 20/34 MP: 5/7
  2053 | D:2      | Reached skill level 4 in Dodging
  2194 | D:2      | Killed Robin
  2267 | D:3      | Found Muaf's Book Shop.
  2340 | D:3      | Found a shadowy altar of Dithmenos.
  2660 | D:3      | Found Emenuh's Jewellery Boutique.
  2814 | D:3      | Found Icvoecutt's Magic Scroll Boutique.
  2816 | D:3      | Identified the +5 flail "Epis" {vorpal, rN+ Will+}
  2823 | D:3      | Bought a scroll of identify for 24 gold pieces
  2941 | D:3      | Reached XP level 5. HP: 29/41 MP: 6/8
  3218 | D:3      | Found Amuoz's Weapon Boutique.
  3504 | D:4      | Found a bloodstained altar of Trog.
  3529 | D:4      | Found a sand-covered staircase.
  3541 | Ossuary  | Entered an ossuary
  3573 | Ossuary  | Reached skill level 5 in Dodging
  3573 | Ossuary  | Reached skill level 5 in Transmutations
  3573 | Ossuary  | Reached XP level 6. HP: 29/48 MP: 9/9
  3752 | Ossuary  | Reached skill level 1 in Poison Magic
  3847 | Ossuary  | Reached skill level 5 in Fighting
  3847 | Ossuary  | Reached XP level 7. HP: 19/56 MP: 10/10
  4390 | D:4      | Found a staircase to the Ecumenical Temple.
  4437 | Temple   | Entered the Ecumenical Temple
  4543 | Temple   | Became a worshipper of Gozag Ym Sagoz the Greedy
  4611 | D:4      | Learned a level 4 spell: Ice Form
  4784 | D:4      | Found a hide-covered altar of Uskayaw.
  5131 | D:5      | Entered Level 5 of the Dungeon
  5151 | D:4      | Reached skill level 5 in Poison Magic
  5165 | D:4      | Reached XP level 8. HP: 15/62 MP: 11/11
  5438 | D:4      | Upgraded the game from 0.29-a0-1008-g949cc1d0fb to
                  | 0.29-a0-1009-g60c99734e7
  5633 | D:5      | Noticed a yak
  5633 | D:5      | Noticed a yak
  5635 | D:5      | Noticed a yak
  5635 | D:5      | Noticed a yak
  6013 | D:4      | Reached skill level 5 in Ice Magic
  6503 | D:5      | Found a broken altar of Ashenzari.
  6592 | D:5      | Noticed Eustachio
  6614 | D:5      | Killed Eustachio
  6823 | D:5      | Identified the +1 scale mail of Sozuga {Harm Str-2 Dex+3}
  7301 | D:6      | Noticed Sigmund
  7301 | D:6      | Noticed Blork the orc
  7316 | D:6      | Reached skill level 5 in Unarmed Combat
  7316 | D:6      | Reached XP level 9. HP: 62/68 MP: 7/12
  7423 | D:1      | Bought the ring "Pebiwion" {Fly rPois Will+ Int-3 SInv} for
                  | 362 gold pieces
  7557 | D:6      | Killed Blork the orc
  7563 | D:6      | Killed Sigmund
  7651 | D:6      | Reached skill level 6 in Dodging
  7715 | D:6      | Found a sparkling altar of Nemelex Xobeh.
  7806 | D:6      | Identified a scroll of acquirement
  7807 | D:6      | Acquired 1244 gold pieces
  8650 | D:7      | HP: 4/82 [orc warrior/+0 glaive (14)]
  8659 | D:7      | Reached skill level 7 in Dodging
  9047 | D:7      | Found a burning altar of Makhleb.
  9112 | D:7      | Noticed Pikel
  9120 | D:7      | Killed Pikel
  9121 | D:7      | Reached skill level 8 in Dodging
  9121 | D:7      | Reached XP level 10. HP: 80/80 MP: 10/13
  9315 | D:7      | Found a shimmering blue altar of Sif Muna.
  9459 | D:7      | Reached skill level 9 in Dodging
  9518 | D:7      | Noticed Maggie
  9526 | D:7      | Slain by Maggie

Illustrated notes

Levels and vault maps discovered:
D:1:      beargit_arrival_greenhouse, layout_basic, serial_shops,
          nicolae_shop_behind_doors, dreamdust_mushroom_princess,
          minmay_small_reverse_x
D:2:      layout_basic, basic_altar, interstate_on_off, grunt_ministairs_14,
          minmay_pentomino_x2, uniq_robin
D:3:      layout_loops_corners, mainiacjoe_overflow_24_doors, serial_shops,
          shop, shop, nicolae_shop_advertising_works
          [nicolae_subvault_shop_adworks], shop_fountains
D:4:      layout_basic, mainiacjoe_overflow_alcove_1, bloody_trog,
          minmay_temple_entry_junction, enter_ossuary_3
D:5:      layout_cave_pools, nicolae_ashenzari_skybound, uniq_eustachio
D:6:      layout_rooms, nemelex_spade_bored_becter, uniq_sigmund,
          uniq_blork_the_orc
D:7:      layout_basic, mainiacjoe_overflow_paths, kennysheep_orc_sif_temple,
          serial_shops, kennysheep_mini, uniq_maggie, uniq_pikel
Temple:   dshaligram_water_room_temple

Skill      XL: |  1  2  3  4  5  6  7  8  9 10 |
---------------+-------------------------------+-----
Dodging        | 3 4 5 8 9 |  9.0
Transmutations | 3 4 5 8 |  8.0
Fighting       | 2 3 5 7 8 |  8.0
Poison Magic   | 2 5 |  5.0
Ice Magic      | 3 5 |  5.0
Unarmed Combat | 5 6 |  6.0
Spellcasting   | |  2.0

Action                   |  1- 3 |  4- 6 |  7- 9 | 10-12 || total
-------------------------+-------+-------+-------+-------++-------
Melee: Unarmed           |    70 |       |    84 |    15 ||   169
       Headbutt          |    13 |    11 |    13 |       ||    37
       Whip              |    13 |   204 |   194 |    10 ||   421
       Punch             |       |     3 |     3 |       ||     6
Throw: Dart              |       |       |     4 |       ||     4
 Cast: Beastly Appendage |    18 |     9 |     9 |       ||    36
       Wereblood         |     1 |     4 |     9 |       ||    14
       Ice Form          |       |       |     9 |     2 ||    11
       Spider Form       |       |       |     1 |       ||     1
Evoke: Wand              |       |       |     1 |       ||     1
  Use: Potion            |     3 |     3 |     7 |       ||    13
       Scroll            |     1 |     2 |     8 |       ||    11
 Stab: Sleeping          |     1 |     2 |     1 |       ||     4
       Distracted        |       |       |     1 |       ||     1
Armor: Robe              |    19 |    32 |    49 |     6 ||   106
       Skin              |       |    44 |    39 |     5 ||    88
Dodge: Dodged            |    68 |   133 |   268 |     5 ||   474

Table legend: (Time is in decaauts)
 A = Elapsed time spent in this place.
 B = Non-inter-level travel time spent in this place.
 C = Inter-level travel time spent in this place.
 D = Time resting spent in this place.
 E = Time spent auto-exploring this place.
 F = Levels seen in this place.
 G = Mean time per level.
                   A        B        C        D        E       F      G
               +--------+--------+--------+--------+--------+-----+--------+
         Total |   9542 |   8951 |    591 |   1969 |   5307 |   9 | 1060.2 |
       Dungeon |   8731 |   8152 |    579 |   1768 |   5069 |   7 | 1247.3 |
        Temple |    118 |    106 |     12 |      0 |     59 |   1 |  118.0 |
       Ossuary |    692 |    692 |      0 |    201 |    179 |   1 |  692.0 |
               +--------+--------+--------+--------+--------+-----+--------+

Top non-repeatable levels by time:
     D:4: 1922 daAuts
     D:5: 1638 daAuts
     D:1: 1446 daAuts
     D:3: 1154 daAuts
     D:7: 1007 daAuts
     D:2: 883 daAuts
 Ossuary: 692 daAuts
     D:6: 678 daAuts
  Temple: 118 daAuts
